Unix NetHack Version 5.0.0-0 post-release - last build May  4 2026 22:22:43 (774f63e81ad911689b3a0859ea89b322d5daca8d,branch:main).

Game began 2026-05-06 02:34:19, ended 2026-05-06 04:04:25.

BeardyHaddock, chaotic male elven Wizard

                                                                 ------
                                                                 |....|
                                                                 |....|
                                                                 |....|
                                     --------------              ----.-
                                     |..........(.|                 ##
                                     |............|                 #
             ----------------       #..............###              #
 -------     |..............| ###)#)#|.....<......|  ##            ##
 |?(/!.|#`###................##      --------------   #           ##
 |@(f).-#####|.........)....|                         #    -------|-
 |m!.!@|     ........(.......                         ##   |>......|
 -------     ----------------                          ##  |.......|
                                                     ######........|
                                                         ##|.......|
                                                          #|.....`.|
                                                          #-.......|
                                                           ---------

BeardyHaddock the Conjurer  St:11 Dx:12 Co:14 In:20 Wi:11 Ch:8  Chaotic
Dlvl:3  $:233 HP:0(32) Pw:44(50) AC:5  Xp:4 T:1609 

Latest messages:
 "Hello, BeardyHaddock!  Welcome to Akranes' general store!"
 You see here a potion of paralysis (for sale, 400 zorkmids).
 You see here 6 crossbow bolts (for sale, 18 zorkmids).
 You see here a clear potion (for sale, 9 zorkmids).
 What do you want to drop? [$a-kn-pr-vx-zA-DFLOP or ?*] ?
 Never mind.
 What do you want to read? [jksxP or ?*] ?
 This spellbook is difficult to comprehend.  Continue? [yn] (n) y
 You begin to memorize the runes.
 The kitten picks up a visored helmet.
 The kitten drops a visored helmet.
 The kitten picks up a visored helmet.
 You add the "levitation" spell to your repertoire, as 'd'.
 What do you want to drop? [$a-kn-pr-vx-zA-DFLOP or ?*] ?
 You drop a spellbook of levitation.
 Akranes offers 200 gold pieces for your spellbook of levitation.  Sell it? [ynaq] (n) y
 You sold a spellbook of levitation for 200 gold pieces.
 You see here a plate mail (for sale, 800 zorkmids).
 The kitten drops a visored helmet.
 You see here a brass wand (for sale, 200 zorkmids).
 The kitten picks up a spellbook of levitation.
 You see here a leash (for sale, 27 zorkmids).
 You see here a yellow spellbook (for sale, 267 zorkmids).
 "For you, honored hir; only 267 zorkmids for this yellow spellbook."
 Q - a yellow spellbook (unpaid, 267 zorkmids).
 You bought a yellow spellbook for 267 gold pieces.
 "Thank you for shopping in Akranes' general store!"
 What do you want to read? [jksPQ or ?*] ?
 You begin to memorize the runes.
 You add the "cure blindness" spell to your repertoire, as 'e'.
 What do you want to drop? [$a-kn-pr-vyzA-DFLO-Q or ?*] ?
 You drop a spellbook of cure blindness.
 Akranes offers 100 gold pieces for your spellbook of cure blindness.  Sell it? [ynaq] (n) y
 You sold a spellbook of cure blindness for 100 gold pieces.
 That scroll labeled GNIK SISI VLE is a large mimic!
 What do you want to write with? [- ac-enrvyACLO or ?*] -
 You write in the dust with your fingertip.
 What do you want to write in the dust here? Elbereth
 The large mimic hits!
 You cannot escape from the large mimic!
 The large mimic hits!
 You cannot escape from the large mimic!
 The large mimic hits!
 You die...
 Akranes gratefully inherits all your possessions.
 Do you want to see what you had when you died? [ynq] (y) n
 Do you want to see your attributes? [ynq] (y) n
 Do you want an account of creatures vanquished? [ynaq] (y) n
 Do you want to see your conduct and achievements? [ynq] (y) n
 Do you want to see the dungeon overview? [ynq] (y) n

Inventory:
 Coins    ('$')
  $ - 233 gold pieces
 Weapons  (')')
  A - a +0 spear
  a - a blessed +2 quarterstaff (weapon in hands)
 Armor    ('[')
  b - a blessed +4 cloak of magic resistance (being worn)
 Comestibles  ('%')
  F - 2 uncursed cram rations
  p - an uncursed food ration
  i - a cursed food ration
  u - 2 uncursed tripe rations
 Scrolls  ('?')
  P - an uncursed scroll of enchant armor
  j - an uncursed scroll of genocide
  k - an uncursed scroll of gold detection
 Spellbooks  ('+')
  s - a cursed spellbook of blank paper
 Potions  ('!')
  t - an uncursed potion of healing
  g - an uncursed potion of levitation
  f - an uncursed potion of object detection
  h - an uncursed potion of restore ability
 Rings    ('=')
  e - an uncursed ring of conflict
  L - an uncursed ring of fire resistance
  y - a blessed +1 ring of protection
  v - an uncursed ring of slow digestion
  d - an uncursed ring of warning
 Wands    ('/')
  c - a wand of light (0:15)
 Tools    ('(')
  o - an uncursed leather drum
  n - a magic marker (0:22)
  z - an uncursed magic whistle
  D - an uncursed skeleton key
  B - a cursed tallow candle
 Gems/Stones  ('*')
  r - an uncursed topaz stone
  O - an uncursed worthless piece of blue glass
  C - a cursed worthless piece of yellowish brown glass

BeardyHaddock the Wizard's attributes:

Background:
 You were a Conjurer, a level 4 male elven Wizard.
 You were chaotic, nominally on a mission for Anhur
 who was opposed by Ptah (lawful) and Thoth (neutral).
 You were right-handed.
 You were in the Dungeons of Doom, on level 3.
 You entered the dungeon 1609 turns ago.
 It was nighttime.
 You had 98 experience points, 62 more were needed to attain level 5.

Basics:
 You had 0 out of 32 hit points.
 You had 44 out of 50 energy points (spell power).
 Your armor class was 5.
 Your wallet contained 233 zorkmids.
 Autopickup was off.

Final Characteristics:
 Your strength was 11 (limit:18).
 Your dexterity was 12 (limit:18).
 Your constitution was 14 (limit:16).
 Your intelligence was 20 (limit:20).
 Your wisdom was 11 (limit:20).
 Your charisma was 8 (limit:18).

Final Status:
 You were held by a large mimic (south).
 You weren't hungry.
 You were unencumbered.
 You were wielding a quarterstaff.
 You had basic skill with quarterstaff.

Final Attributes:
 You were devoutly aligned.
 You were magic-protected.
 You were sleep resistant.
 You were telepathic.
 You had infravision.
 You were warded.
 You are dead.

Miscellaneous:
 You didn't encounter any bones levels.
 Total elapsed playing time was 12 minutes and 42 seconds.

Major events:
 Turn
    1: BeardyHaddock the chaotic male elven Wizard entered the dungeon
 1015: attained the rank of Conjurer (level 3)
 1609: killed by a large mimic

Spells:
 Name                 Level Category     Fail Retention
 force bolt             1   attack         0%  91%-100%
 identify               3   divination    63%  76%-100%
 healing                1   healing        0%  76%-100%
 levitation             4   escape        90%  76%-100%
 cure blindness         2   healing       27%  76%-100%

Skills:
 Fighting Skills
   bare handed combat [Unskilled]
   riding             [Unskilled]
 Weapon Skills
   dagger             [Unskilled]
   knife              [Unskilled]
   axe                [Unskilled]
   short sword        [Unskilled]
   club               [Unskilled]
   mace               [Unskilled]
   quarterstaff       [Basic]
   polearms           [Unskilled]
   spear              [Unskilled]
   trident            [Unskilled]
   sling              [Unskilled]
   dart               [Unskilled]
   shuriken           [Unskilled]
 Spellcasting Skills
   attack spells      [Basic]
   healing spells     [Unskilled]
   divination spells  [Unskilled]
   enchantment spells [Basic]
   clerical spells    [Unskilled]
   escape spells      [Unskilled]
   matter spells      [Unskilled]

Voluntary challenges:
 Character rerolling was not enabled.
 You were an atheist.
 You never genocided any monsters.
 You never polymorphed an object.
 You never changed form.
 You used no wishes.
Achievements:
 You entered a shop.
 You attained the rank of Conjurer.

 The Dungeons of Doom: levels 1 to 3
    Level 1:
       Some fountains.
    Level 2:
       A general store, a fountain.
    Level 3: <- You were here.
       A general store.
       Final resting place for
          you, killed by a large mimic.


Vanquished creatures:
  a little dog
  3 floating eyes
  a werejackal
  2 giant rats
  2 gnomes
  a gecko
  2 jackals
  a fox
  a kobold
  3 goblins
  a sewer rat
  3 grid bugs
  6 lichens
  3 kobold zombies
  6 newts
36 creatures vanquished.

No species were genocided or became extinct.

Game over:
                       ----------
                      /          \
                     /    REST    \
                    /      IN      \
                   /     PEACE      \
                  /                  \
                  |  BeardyHaddock   |
                  |      233 Au      |
                  |   killed by a    |
                  |   large mimic    |
                  |                  |
                  |                  |
                  |       2026       |
                 *|     *  *  *      | *
        _________)/\\_//(\/(/\)/\//\/|_)_______

Goodbye BeardyHaddock the Wizard...

You died in The Dungeons of Doom on dungeon level 3 with 742 points,
and 233 pieces of gold, after 1609 moves.
You were level 4 with a maximum of 32 hit points when you died.

